 Dungeon Crawl Stone Soup version 0.31.0-32-g396128a36d (webtiles) character file.

Game seed: 14719459934810472237

13406 Zeor the Nimble (level 11, -5/50 HPs)
             Began as a Felid Conjurer on Apr 18, 2024.
             Was an Elder of Vehumet.
             Shot with an arrow by a centaur warrior (21 damage)
             ... on level 11 of the Dungeon.
             The game lasted 00:45:09 (12895 turns).

Zeor the Nimble (Felid Conjurer)                   Turns: 12895, Time: 00:45:10

Health: -5/50      AC:  2    Str:  3    XL:     11   Next: 75%
Magic:  24/34      EV: 24    Int: 26    God:    Vehumet [****..]
Gold:   626        SH:  0    Dex: 15    Spells: 2/29 levels left
                                        Lives:  0   Deaths: 4

rFire   + .          .
                       - Unarmed
rCold   x . .        (shield unavailable)
rNeg    . . .        (body armour unavailable)
rPois   .            (helmet unavailable)
rElec   .            (cloak unavailable)
rCorr   .            (gloves unavailable)
SInv    +            (boots unavailable)
Will    +....        p - amulet of magic regeneration
Stlth   +++          w - ring of fire
HPRegen 0.28/turn    A - ring of magical power
MPRegen 0.64/turn

%: no passive effects
@: studying Unarmed Combat
A: very small, claws 1, fangs 3, see invisible, shaggy fur 2, stealthy paws, no
weapons or thrown items, no armour, multi-lived
a: Renounce Religion


You were on level 11 of the Dungeon.
You worshipped Vehumet.
Vehumet was greatly pleased with you.
You visited 2 branches of the dungeon, and saw 12 of its levels.

You collected 626 gold pieces.

Inventory:

Jewellery
 f - a +6 ring of intelligence
 p - an amulet of magic regeneration (around neck)
 s - a +5 ring of evasion
 u - a +4 ring of protection
 w - a ring of fire (left paw)
 z - a ring of positive energy
 A - a ring of magical power (right paw)
 B - a ring of poison resistance
Talismans
 j - a serpent talisman
Wands
 e - a wand of mindburst (5)
 l - a wand of polymorph (6)
 m - a wand of iceblast (12)
Scrolls
 a - a scroll of fear
 q - a scroll of fog
 v - a scroll of revelation
Potions
 b - 5 potions of attraction
 c - a potion of resistance
 d - a potion of lignification {unknown}
 g - 2 potions of mutation {unknown}
 h - 2 potions of might {unknown}
 i - 2 potions of brilliance
 k - a potion of curing
 n - 2 potions of invisibility {unknown}
 o - a potion of ambrosia {unknown}
 r - a potion of haste {unknown}
 t - 2 potions of berserk rage
 x - a potion of enlightenment {unknown}
Miscellaneous
 y - a tin of tremorstones (1/2)


   Skills:
 + Level 1.8 Fighting
 * Level 11.7 Dodging
 + Level 6.5 Stealth
 + Level 1.3 Unarmed Combat
 + Level 9.9 Spellcasting
 * Level 10.5 Conjurations
 + Level 5.3 Translocations
 + Level 4.2 Fire Magic
 + Level 0.6 Alchemy


You had 2 spell levels left.
You knew the following spells:

 Your Spells              Type           Power      Damage    Failure   Level
b - Volatile Blastmotes   Fire/Tloc      100%       2d18      1%          3
d - Magic Dart            Conj           100%       1d8       1%          1
f - Freeze                Ice            48%        1d6       1%          1
m - Iskenderun's Mystic   Conj/Tloc      53%        2d11      1%          4
p - Fulminant Prism       Conj/Alch      21%        3d12      1%          4
r - Searing Ray           Conj           100%       2d8       1%          2
s - Scorch                Fire           100%       2d9       1%          2
w - Flame Wave            Conj/Fire      67%        2d15      1%          4
S - Starburst             Conj/Fire      33%        6d10      10%         6

Your spell library contained the following spells:

 Spells                   Type           Power      Damage    Failure   Level
 Blink                    Tloc           80%        N/A       1%          2
 Lesser Beckoning         Tloc           80%        N/A       1%          2
 Momentum Strike          Conj/Tloc      100%       3d10      1%          2
 Slow                     Hex            48%        N/A       4%          1
 Call Imp                 Summ           24%        N/A       7%          2
 Confusing Touch          Hex            12%        N/A       14%         3
 Sigil of Binding         Hex            12%        N/A       14%         3
 Vampiric Draining        Necr           12%        2d6       14%         3
 Summon Horrible Things   Summ           6%         N/A       100%        8


Dungeon Overview and Level Annotations

Branches:
Dungeon (11/15)            Temple (1/1) D:4             Orc (0/2) D:10
   Lair: D:8-11

Altars:
Ashenzari
Cheibriados
Dithmenos
Elyvilon
Fedhas
Gozag
Hepliaklqana
Kikubaaqudgha
Makhleb
Nemelex Xobeh
Okawaru
Qazlal
Ru
Sif Muna
Trog
Uskayaw
Vehumet
Wu Jian
Xom
Yredelemnul
Zin
The Shining One

Annotations:
D:2 1 runed translucent door, Crazy Yiuf
D:8 exclusion: hydra


Innate Abilities, Weirdness & Mutations

You have sharp claws.
You have razor-sharp teeth.
You have supernaturally acute eyesight. (SInv)
You are covered in thick fur. (AC +2)
Your paws help you pounce on unaware monsters.
You are incapable of wielding weapons or throwing items.
You cannot wear armour.
You gain extra lives every three experience levels.


Message History

3 gold pieces; a +0 glaive; a +0 plate armour
Okay, then.
Casting: Fulminant Prism (dangerous; 1% risk of failure)
Confirm with . or Enter, or press ? or * to list all spells.
You erupt in a blast of force!
The mystic blast hits the yak!
The yak is moderately wounded.
The yak is knocked back by the mystic blast.
The mystic blast hits the howler monkey!
The howler monkey is almost dead.
The howler monkey is knocked back by the mystic blast.
The howler monkey slams into the rock wall!
You kill the howler monkey!
Vehumet accepts your kill.
You feel your power returning.
A vampire mosquito comes into view.
Your fulminant prism explodes!
The blast of energy engulfs the wraith!
The wraith is heavily damaged.
Casting: Iskenderun's Mystic Blast (dangerous; 1% risk of failure)
Confirm with . or Enter, or press ? or * to list all spells.
You erupt in a blast of force!
The mystic blast hits the yak!
The yak is severely wounded.
The yak is knocked back by the mystic blast.
You hear a grinding noise.
A deep troll earth mage comes into view.
Okay, then.
The tremorstone explodes into fragments!
The burst of rock shards engulfs the vampire mosquito!!
The burst of rock shards engulfs the deep troll earth mage!
The deep troll earth mage points next to you and mumbles some strange words.
The wall shatters!
The blast of rock fragments hits the yak!
The yak dies!
The blast of rock fragments hits you!!
The centaur warrior unwields a +0 halberd.
The centaur warrior wields a +0 shortbow.
The centaur warrior shoots an arrow.
The arrow hits you!
The vampire mosquito completely misses you.
The centaur warrior shoots an arrow.
The arrow hits you!!
You die... ▒▒∙∙ ▒▒ ∙▒∙∙∙∙∙ ∙∙∙ ∙∙ ∙T∙∙∙∙

▒▒▒▒▒▒
▒∙∙▒▒▒∙▒▒∙∙∙c∙▒▒
∙∙∙∙∙▒
▒∙∙∙∙▒∙∙∙∙∙∙W∙∙
∙∙∙∙∙▒
▒∙∙∙∙▒▒o▒▒∙▒∙∙▒▒▒∙▒
∙∙∙∙∙▒
▒∙∙∙▒∙∙▒▒∙▒∙∙∙∙∙
∙∙∙▒▒▒
▒∙∙∙∙∙∙▒▒y▒c∙▒ ∙∙∙▒
▒∙∙∙∙∙∙∙h∙$∙∙▒ ∙∙∙▒
▒∙∙∙▒▒▒▒▒∙▒▒▒▒
▒▒▒▒▒▒▒▒▒)∙∙▒ ▒▒▒
∙∙∙†∙(∙∙)∙∙[▒
▒▒▒▒▒▒∙∙)∙∙∙▒ ▒
▒∙∙∙∙∙∙▒ ▒ ▒∙∙∙∙∙∙▒
▒ ▒∙∙∙∙∙∙▒ ▒
▒▒▒▒∙▒<▒▒▒▒▒▒


You could see a centaur warrior, a deep troll earth mage and a vampire mosquito.

Vanquished Creatures
  A hydra (D:11)
  A boulder beetle (D:11)
  An ugly thing (D:10)
  2 cyclopes
  Jeremiah (D:8)
  3 trolls
  A hornet (D:8)
  A slime creature (D:8)
  22 yaks
  3 steam dragons
  2 swamp worms (D:8)
  A vampire mosquito (D:8)
  2 acid dragons
  6 ice beasts
  A sky beast (D:6)
  11 orc warriors
  2 black bears
  7 centaurs
  A phantom (D:7)
  3 kobold brigands
  3 gnoll sergeants
  2 scorpions
  10 wights
  A burial acolyte (D:8)
  15 killer bees
  2 howler monkeys
  3 electric eels (D:10)
  3 lava snakes (D:7)
  2 bombardier beetles
  2 jellies
  4 hounds
  8 orc priests
  4 iguanas
  12 orc wizards
  A sleepcap (D:7)
  A hound zombie (D:8)
  3 gnolls (D:10)
  8 adders
  3 shadow imps (D:8)
  A white imp (D:8)
  2 adder zombies (D:8)
  5 dart slugs
  32 orcs
  A bat skeleton (D:2)
  8 endoplasms
  4 giant cockroaches
  11 goblins
  6 hobgoblins
  8 jackals
  4 quokkas
  10 ball pythons
  6 bats
  3 frilled lizards
  23 kobolds
  4 kobold zombies (D:8)
  A quokka skeleton (D:2)
  A quokka zombie (D:2)
  8 rats
297 creatures vanquished.

Vanquished Creatures (others)
  A yak (D:11)
  19 fulminant prisms
20 creatures vanquished.

Grand Total: 317 creatures vanquished

Notes
Turn   | Place    | Note
-------+----------+-------------------------------------------
     0 | D:1      | Zeor the Felid Conjurer began the quest for the Orb.
     0 | D:1      | Reached XP level 1. HP: 9/9 MP: 4/4
   179 | D:1      | Reached XP level 2. HP: 13/13 MP: 1/6
   182 | D:1      | Learned a level 2 spell: Searing Ray
   716 | D:1      | Reached XP level 3. HP: 16/16 MP: 2/7
  1564 | D:2      | Reached skill level 3 in Dodging
  2037 | D:2      | Reached XP level 4. HP: 20/21 MP: 5/9
  2037 | D:2      | Gained a life (2 lives remaining)
  2627 | D:2      | You fall into a shaft and drop 2 floors!
  2640 | D:4      | Noticed a black bear
  2686 | D:4      | Noticed a scorpion
  3041 | D:2      | Found a runed translucent door.
  3042 | D:2      | Noticed Crazy Yiuf
  4045 | D:3      | Reached XP level 5. HP: 24/24 MP: 3/10
  4404 | D:3      | Slain by a black bear
  4404 | D:3      | Lost a life (1 life remaining)
  4610 | D:4      | Reached skill level 5 in Conjurations
  4661 | D:4      | Found a broken altar of Ashenzari.
  4732 | D:4      | Gained mutation: You are covered in thick fur. (AC +2)
                  | [Felid growth]
  4732 | D:4      | Reached XP level 6. HP: 28/28 MP: 9/12
  4860 | D:4      | Found a staircase to the Ecumenical Temple.
  4872 | D:4      | Reached skill level 4 in Dodging
  4878 | Temple   | Entered the Ecumenical Temple
  4887 | Temple   | Became a worshipper of Vehumet
  5107 | D:5      | Entered Level 5 of the Dungeon
  5126 | D:5      | Noticed an ice beast
  5579 | D:5      | Killed an ice beast
  5580 | D:5      | Reached XP level 7. HP: 32/32 MP: 7/14
  5580 | D:5      | Gained a life (2 lives remaining)
  5725 | D:5      | Reached skill level 5 in Dodging
  5915 | D:5      | Reached skill level 1 in Fighting
  5921 | D:5      | Learned a level 4 spell: Iskenderun's Mystic Blast
  6193 | D:6      | Reached skill level 1 in Unarmed Combat
  6389 | D:6      | Reached skill level 5 in Spellcasting
  6389 | D:6      | Reached XP level 8. HP: 37/37 MP: 12/16
  6588 | D:6      | Found a burning altar of Makhleb.
  6588 | D:6      | Found a white marble altar of Elyvilon.
  6588 | D:6      | Found an iron altar of Okawaru.
  7091 | D:7      | Reached skill level 6 in Dodging
  7235 | D:7      | Found the +6 shillelagh "Devastator" {shatter}
  7294 | D:7      | Reached * piety under Vehumet
  7294 | D:7      | Offered knowledge of Freeze by Vehumet.
  7336 | D:7      | Reached skill level 5 in Stealth
  7352 | D:7      | Shot with an arrow by a centaur
  7352 | D:7      | Lost a life (1 life remaining)
  7473 | D:7      | Learned a level 1 spell: Freeze
  7484 | D:7      | Reached skill level 7 in Dodging
  7491 | D:7      | Reached XP level 9. HP: 24/42 MP: 15/19
  7965 | D:7      | Found a glowing golden altar of the Shining One.
  8395 | D:8      | Found an ornate altar of the Wu Jian Council.
  8481 | D:8      | Reached skill level 8 in Dodging
  8532 | D:8      | Offered knowledge of Scorch by Vehumet.
  8540 | D:8      | Reached ** piety under Vehumet
  8544 | D:8      | Learned a level 2 spell: Scorch
  8558 | D:8      | Reached skill level 1 in Translocations
  8589 | D:8      | Reached skill level 9 in Dodging
  8638 | D:8      | Reached XP level 10. HP: 46/46 MP: 17/22
  8638 | D:8      | Gained a life (2 lives remaining)
  8678 | D:8      | Found a sacrificial altar of Ru.
  8730 | D:8      | Noticed a four-headed hydra
  8748 | D:8      | Found an ancient bone altar of Kikubaaqudgha.
  9079 | D:8      | Noticed Jeremiah
  9086 | D:8      | Killed Jeremiah
  9092 | D:8      | Paralysed by a hornet for 2 turns
  9094 | D:8      | Succumbed to a hornet's poison
  9094 | D:8      | Lost a life (1 life remaining)
  9142 | D:8      | Reached skill level 1 in Fire Magic
  9239 | D:8      | Offered knowledge of Volatile Blastmotes by Vehumet.
  9264 | D:8      | Learned a level 3 spell: Volatile Blastmotes
  9269 | D:8      | Learned a level 4 spell: Fulminant Prism
  9628 | D:8      | Reached skill level 10 in Dodging
  9705 | D:8      | Noticed a cyclops
  9725 | D:8      | Killed a cyclops
  9744 | D:8      | Got the Enchiridion on Thermatology and Generation
  9860 | D:8      | Reached *** piety under Vehumet
 10131 | D:9      | Found a bloodstained altar of Trog.
 10379 | D:9      | Found a blossoming altar of Fedhas.
 10658 | D:9      | Noticed a +0 dagger
 10658 | D:9      | Noticed a +0 hand axe
 10659 | D:9      | Found a hide-covered altar of Uskayaw.
 10745 | D:9      | Found a sparkling altar of Nemelex Xobeh.
 10906 | D:10     | Entered Level 10 of the Dungeon
 11013 | D:10     | Reached XP level 11. HP: 28/50 MP: 22/24
 11031 | D:10     | HP: 1/50 [acid dragon/splash of acid (33)]
 11038 | D:10     | HP: 1/50 [acid dragon/splash of acid (22)]
 11039 | D:10     | Offered knowledge of Frozen Ramparts by Vehumet.
 11071 | D:10     | Slain by an orc warrior
 11071 | D:10     | Lost a life (0 lives remaining)
 11484 | D:10     | Reached skill level 10 in Conjurations
 11775 | D:10     | Reached **** piety under Vehumet
 11813 | D:10     | Offered knowledge of Flame Wave by Vehumet.
 11836 | D:10     | Learned a level 4 spell: Flame Wave
 11843 | D:10     | Learned a level 6 spell: Starburst
 11946 | D:10     | Reached skill level 11 in Dodging
 12048 | D:10     | Noticed a purple ugly thing
 12062 | D:10     | Killed a purple ugly thing
 12489 | D:10     | Found a staircase to the Orcish Mines.
 12727 | D:11     | Noticed a boulder beetle
 12761 | D:11     | Killed a boulder beetle
 12762 | D:11     | Reached skill level 5 in Translocations
 12828 | D:11     | Noticed an eight-headed hydra
 12842 | D:11     | Killed an eight-headed hydra
 12890 | D:11     | Noticed a centaur warrior
 12894 | D:11     | Noticed a deep troll earth mage
 12895 | D:11     | Shot with an arrow by a centaur warrior

Illustrated notes

Levels and vault maps discovered:
D:1:      denvon_arrival_planthouse, layout_loops_ring
D:2:      minmay_razor_zed, layout_loops_corners, serial_undead,
          serial_undead_e, serial_undead_a, serial_undead_c, serial_undead_c,
          dk_noncrumbling_2, uniq_crazy_yiuf_cottage
D:3:      layout_rooms
D:4:      layout_basic, nicolae_ashenzari_panopticon, minmay_temple_entry_glass,
          corner_web_ring
D:5:      layout_gridville, dk_noncrumbling_3
D:6:      nicolae_cairo_tiling_large, layout_basic,
          gammafunk_temple_overflow_claw
D:7:      layout_basic, mainiacjoe_overflow_alcove_4, kennysheep_crisscross,
          minmay_a_box_with_orc_wizards_in_it
D:8:      nzn_winding_woodlands_medium [nzn_winding_woodlands_5x5_checkerboard,
          nzn_winding_woodlands_5x15_sidewinder,
          nzn_winding_woodlands_5x5_three, nzn_winding_woodlands_hourglass,
          nzn_winding_woodlands_center_triple_pond,
          nzn_winding_woodlands_5x5_closed_star,
          nzn_winding_woodlands_5x5_perimeter, nzn_winding_woodlands_5x15_eye,
          nzn_winding_woodlands_5x5_open_star], layout_gridville,
          regret_index_kikubaaqudgha_part_by_part, mainiacjoe_overflow_brackets,
          pdpol_wu_jian_five_deadly_venoms, worms_lemuel, uniq_jeremiah
D:9:      layout_gridville, fedhas_ov_isle_minmay, nemelex_diamond_rough_becter,
          dancing_weapons_uskayaw, mainiacjoe_overflow_catwalk
D:10:     layout_irregular_city, erik_orc_2
D:11:     layout_basic, david_lair_shrubbed, corexii_leaking_fountain,
          nicolae_doodle_vault, uniq_harold
Temple:   hellmonk_temple_flake

Skill      XL: |  1  2  3  4  5  6  7  8  9 10 11 |
---------------+----------------------------------+-----
Conjurations   | 4 5 6 7 9 10 | 10.5
Dodging        | 3 4 5 7 9 10 11 | 11.7
Spellcasting   | 3 4 5 6 7 8 9 |  9.9
Stealth        | 3 4 5 6 |  6.5
Fighting       | 1 |  1.8
Unarmed Combat | 1 |  1.3
Translocations | 1 3 5 |  5.3
Fire Magic     | 2 4 |  4.2
Alchemy        | |  0.6

Action                     |  1- 3 |  4- 6 |  7- 9 | 10-12 || total
---------------------------+-------+-------+-------+-------++-------
  Melee: Unarmed           |    20 |    11 |     3 |     6 ||    40
         Bite              |     5 |     1 |       |     2 ||     8
         Punch             |     1 |       |       |     1 ||     2
   Cast: Magic Dart        |    77 |    47 |    55 |    84 ||   263
         Searing Ray       |     9 |    30 |    54 |    43 ||   136
         Iskenderun's Myst |       |       |     6 |    53 ||    59
         Scorch            |       |       |     4 |    45 ||    49
         Volatile Blastmot |       |       |       |    38 ||    38
         Fulminant Prism   |       |       |       |    19 ||    19
         Flame Wave        |       |       |       |     5 ||     5
  Evoke: Tin of tremorston |       |       |       |     1 ||     1
    Use: Scroll            |     2 |     8 |     3 |     5 ||    18
         Potion            |       |     1 |       |     5 ||     6
   Stab: Sleeping          |       |     3 |     2 |       ||     5
 Armour: Skin              |    11 |    31 |    24 |    57 ||   123
  Dodge: Dodged            |    32 |    83 |    86 |   131 ||   332
